 Dungeon Crawl Stone Soup version 0.24.0-13-gcf9b3192b9 (webtiles) character file.

Game seed: 6050675807238031688, levelgen mode: deterministic

137 Peloso the Shield-Bearer (level 5, -8/47 HPs)
             Began as a Minotaur Fighter on Nov 5, 2019.
             Killed by nerve-wracking pain
             ... invoked by a shadow imp
             ... summoned by Natasha
              (14 damage)
             ... on level 2 of the Dungeon.
             The game lasted 00:02:43 (1484 turns).

Peloso the Shield-Bearer (Minotaur Fighter)         Turns: 1484, Time: 00:02:46

Health: -8/47      AC:  6    Str: 21    XL:     5   Next: 0%
Magic:  4/4        EV:  7    Int:  5    God:
Gold:   160        SH:  9    Dex: 10    Spells: 4/4 levels left

rFire    . . .     SeeInvis .   a - +0 long sword
rCold    . . .     Gourm    .   c - +0 shield
rNeg     . . .     Faith    .   b - +0 scale mail
rPois    .         Spirit   .   (helmet restricted)
rElec    .         Reflect  .   (no cloak)
rCorr    .         Harm     .   (no gloves)
MR       .....                  (no boots)
Stlth    ..........             (no amulet)
HPRegen  0.15/turn              (no ring)
MPRegen  0.09/turn              (no ring)

@: slowed, drained, very slow
A: retaliatory headbutt, horns 2
a: no special abilities


You were on level 2 of the Dungeon.
You were very hungry.

You visited 1 branch of the dungeon, and saw 2 of its levels.

You collected 160 gold pieces.

Inventory:

Hand Weapons
 a - a +0 long sword (weapon)
 j - a +2 dagger of venom
Armour
 b - a +0 scale mail (worn)
 c - a +0 shield (worn)
Scrolls
 g - a scroll of magic mapping {unknown}
 h - 2 scrolls of identify
 i - a scroll of fog {unknown}
Potions
 d - a potion of might
 e - a potion of brilliance {unknown}
Comestibles
 f - 5 rations


   Skills:
 + Level 4.4(3.4) Fighting
 + Level 3.6(2.6) Long Blades
 + Level 4.2(3.3) Armour
 + Level 1.5(0.6) Dodging
 + Level 4.8(3.9) Shields


You had 4 spell levels left.
You didn't know any spells.
Your spell library was empty.

Dungeon Overview and Level Annotations

Branches:
Dungeon (2/15)

Altars:
Yredelemnul

Annotations:
D:2 Natasha


Innate Abilities, Weirdness & Mutations

You reflexively headbutt those who attack you in melee.
You have a pair of horns on your head.


Message History

You miss Natasha.
Natasha is heavily wounded.
Natasha claws you but does no damage. The shadow imp hits you.
Natasha extends her claws.
Natasha casts a spell.
You block the shadow imp's attack.
You barely miss Natasha. You headbutt Natasha, but do no damage.
Natasha is heavily wounded.
Natasha claws you. The shadow imp barely misses you.
The crimson imp blinks!
Natasha claws you.
* * * LOW HITPOINT WARNING * * *
The shadow imp barely misses you. You furiously retaliate!
You headbutt the shadow imp. You closely miss Natasha.
Your headbutt misses Natasha.
Natasha is heavily wounded.
Natasha claws you!
* * * LOW HITPOINT WARNING * * *
The shadow imp gestures at you. Pain shoots through your body!
You die...

#................
#)..........)....
#................
#########................
#....>..........##..#####
######............†.....##
#...................#####
#..................##### ###
#...........h@.........#####..
#.........†.5.....#.......#...
#..........###....####........
########>###.......#####.##.##
#[##..####...####......
##..>.# #......####... #...###
###.......#...
#...÷########.#.)#......
##.#....)..†..##.###....


You could see Natasha and a shadow imp.

Vanquished Creatures
  Natasha (D:2)
  4 adders (D:2)
  An ooze (D:2)
  2 worms (D:2)
  3 dart slugs
  2 leopard geckos (D:2)
  9 bats
  3 giant cockroaches (D:1)
  4 goblins
  10 hobgoblins
  2 jackals (D:2)
  6 kobolds
  3 frilled lizards
  6 rats
56 creatures vanquished.

Notes
Turn   | Place    | Note
-------+----------+-------------------------------------------
     0 | D:1      | Peloso the Minotaur Fighter began the quest for the Orb.
     0 | D:1      | Reached XP level 1. HP: 19/19 MP: 0/0
   187 | D:1      | Reached XP level 2. HP: 27/27 MP: 1/1
   402 | D:1      | Reached XP level 3. HP: 33/33 MP: 2/2
  1028 | D:2      | Reached skill level 1 in Dodging
  1070 | D:2      | Reached XP level 4. HP: 20/41 MP: 3/3
  1233 | D:2      | Found a basalt altar of Yredelemnul.
  1355 | D:2      | Noticed Natasha
  1366 | D:2      | Killed Natasha
  1467 | D:2      | Reached XP level 5. HP: 26/47 MP: 4/4
  1469 | D:2      | Noticed Natasha
  1484 | D:2      | Killed from afar by a shadow imp

Levels and vault maps discovered:
D:1:      dpeg_arrival_lava_altar, layout_basic, dk_noncrumbling_4
D:2:      layout_rooms, lemuel_round_altar, marbit_many_paths,
          lemuel_blue_sif_altar, uniq_natasha, uniq_crazy_yiuf_cottage

Skill      XL: |  1  2  3 |
---------------+----------+-----
Fighting       | 4 |  4.4
Shields        | 4 |  4.8
Long Blades    | 3 |  3.6
Armour         | 4 |  4.2
Dodging        | 1 |  1.5

Action                   |  1- 3 |  4- 6 || total
-------------------------+-------+-------++-------
Melee: Long sword        |    80 |    38 ||   118
       Headbutt          |    11 |     9 ||    20
  Use: Scroll            |     2 |       ||     2
  Eat: Chunk             |     1 |       ||     1
Armor: Scale mail        |    61 |    12 ||    73
Dodge: Dodged            |    40 |    17 ||    57
Block: Shield            |    54 |    21 ||    75
       Rpst.: Long sword |    15 |     3 ||    18
